 Dungeon Crawl Stone Soup version 0.32-a0-876-gcfddb08e57 (webtiles) character file.

Game seed: 14223560606932939707

731 Dirtsage the Carver (level 7, 0/52 HPs)
             Began as a Demonspawn Monk on Apr 1, 2024.
             Slain by an orc
             ... wielding a +0 mace
              (4 damage)
             ... on level 5 of the Dungeon.
             The game lasted 00:08:10 (4037 turns).

Dirtsage the Carver (Demonspawn Monk)               Turns: 4037, Time: 00:08:11

Health: 0/52       AC:  8    Str: 11    XL:     7   Next: 45%
Magic:  7/7        EV: 12    Int: 11    God:
Gold:   205        SH:  0    Dex: 17    Spells: 6/6 levels left

rFire   . . .        a - +1 falchion
rCold   . . .        d - orb {light}
rNeg    . . .        c - +2 robe
rPois   +            (no helmet)
rElec   .            A - +1 cloak
rCorr   .            (no gloves)
SInv    .            (no boots)
Will    .....        (no amulet)
Stlth   +            m - +4 ring of slaying
HPRegen 0.28/turn    P - ring of poison resistance
MPRegen 0.10/turn

%: no passive effects
@: glowing
A: hooves 2, icy blue scales 1
a: no special abilities


You were on level 5 of the Dungeon.
You visited 1 branch of the dungeon, and saw 5 of its levels.
You also visited: Sewer.

You collected 205 gold pieces.

Inventory:

Hand Weapons
 a - a +1 falchion (weapon)
Missiles
 u - 2 curare-tipped darts (quivered)
Armour
 b - a +0 robe
 c - a +2 robe (worn)
 d - an orb of light (worn)
 A - a +1 cloak (worn)
Jewellery
 e - a +6 ring of intelligence
 m - a +4 ring of slaying (left hand)
 n - a ring of fire
 P - a ring of poison resistance (right hand)
Wands
 o - a wand of charming (6)
Scrolls
 f - a scroll of poison
 g - a scroll of fear
 i - a scroll of enchant weapon
 k - 2 scrolls of immolation
 t - 3 scrolls of teleportation
Potions
 h - a potion of haste
 j - a potion of invisibility
 l - a potion of ambrosia
 p - 2 potions of cancellation
 q - 2 potions of curing
 r - a potion of enlightenment {unknown}
 s - a potion of berserk rage
 v - 2 potions of brilliance {unknown}
 z - a potion of mutation


   Skills:
 - Level 3.0 Fighting
 + Level 8.1 Long Blades
 - Level 2.7 Dodging


You had 6 spell levels left.
You didn't know any spells.
Your spell library contained the following spells:

 Spells                   Type           Power      Damage    Failure   Level
 Tukima's Dance           Hex            0%         N/A       71%         3
 Passage of Golubria      Tloc           0%         N/A       98%         4
 Yara's Violent Unravell  Hex/Alch       0%         3d3       100%        5


Dungeon Overview and Level Annotations

Branches:
Dungeon (5/15)              Sewer (visited)
 Temple: D:4-7

Altars:
Makhleb
Qazlal


Innate Abilities, Weirdness & Mutations

You have hoof-like feet.
You are partially covered in icy blue scales. (AC +2)


Message History

The orc barely misses you.
The orc priest calls down the wrath of Beogh upon you.
Pain shoots through your body!
You take 14 damage, and have 21/52 hp.
MASSIVE DAMAGE!!
You hit the orc priest but do no damage.
The orc priest shouts, "The Pantheon deserves no one's loyalty.
Let us show you the true path!"
You kick the orc priest, but do no damage.
The orc priest is lightly wounded.
The orc hits you but does no damage.
The orc priest hits you with a +0 falchion.
You take 5 damage, and have 16/52 hp.
You barely miss the orc priest.
The orc priest is lightly wounded.
The orc closely misses you.
The orc priest mumbles some strange prayers to Beogh against you.
You struggle to resist.
You barely miss the orc priest.
The orc priest is lightly wounded.
The orc misses you. The orc priest closely misses you.
You barely miss the orc priest.
The orc priest is lightly wounded.
The orc priest shouts, "Surrender to Beogh and we'll let you live!"
You hit the orc priest but do no damage.
You kick the orc priest.
The orc priest is heavily wounded.
The orc hits you with a +0 mace.
* * * LOW HITPOINT WARNING * * *
The orc priest hits you but does no damage.
You take 5 damage, and have 12/52 hp.
You slash the orc priest!
You kill the orc priest!
The orc hits you with a +0 mace.
* * * LOW HITPOINT WARNING * * *
You take 4 damage, and have 8/52 hp.
You hit the orc but do no damage. You kick the orc.
The orc is heavily wounded.
The orc hits you with a +0 war axe.
* * * LOW HITPOINT WARNING * * *
The orc hits you with a +0 mace.
You die...

...###..........#
...............#
....##.........##
....##..........#
....##..........#
...###..........##
....##...........#
....##...........#
....###........#@#
.....###......##oo......
..##.# ##########.......
### .. .#####. .# .. #.
.#


You could see 2 orcs.

Vanquished Creatures
  An ice beast (D:4)
  A phantom (D:5)
  2 kobold brigands (Sewer)
  An orc priest (D:5)
  2 hounds
  Jessica (D:1)
  2 iguanas
  Natasha (D:2)
  An orc wizard (D:5)
  2 gnolls (D:3)
  4 adders
  5 river rats
  4 dart slugs
  A ribbon worm (D:3)
  11 orcs
  A bat (D:1)
  8 endoplasms
  6 giant cockroaches
  8 goblins
  7 hobgoblins
  2 jackals (D:2)
  8 kobolds
  9 quokkas
  9 ball pythons
  2 frilled lizards
  18 rats
117 creatures vanquished.

Notes
Turn   | Place    | Note
-------+----------+-------------------------------------------
     0 | D:1      | Dirtsage the Demonspawn Monk began the quest for the Orb.
     0 | D:1      | Reached XP level 1. HP: 18/18 MP: 1/1
   107 | D:1      | Reached skill level 3 in Long Blades
   119 | D:1      | Gained mutation: You have large cloven feet. [demonic
                  | ancestry]
   119 | D:1      | Reached XP level 2. HP: 15/24 MP: 2/2
   700 | D:1      | Reached XP level 3. HP: 29/29 MP: 3/3
   798 | D:2      | Found a faded altar of an unknown god.
   827 | D:2      | Reached skill level 4 in Long Blades
  1110 | D:2      | Noticed Jessica
  1115 | D:2      | HP: 1/29 [Jessica/+0 dagger (2)]
  1130 | D:1      | Killed Jessica
  1131 | D:1      | Gained mutation: You have hoof-like feet. [demonic
                  | ancestry]
  1131 | D:1      | Reached XP level 4. HP: 9/35 MP: 4/4
  1583 | D:2      | Noticed Natasha
  1587 | D:2      | Killed Natasha
  1588 | D:2      | Reached skill level 5 in Long Blades
  1871 | D:3      | Found a burning altar of Makhleb.
  1922 | D:3      | Reached XP level 5. HP: 41/41 MP: 5/5
  1934 | D:3      | Found a stormy altar of Qazlal.
  2599 | D:4      | Found a glowing drain.
  2630 | Sewer    | Entered a sewer
  2648 | Sewer    | Reached skill level 6 in Long Blades
  2720 | Sewer    | Gained mutation: You are partially covered in icy blue
                  | scales. (AC +2) [demonic ancestry]
  2720 | Sewer    | Reached XP level 6. HP: 23/47 MP: 6/6
  3234 | D:4      | Noticed an ice beast
  3240 | D:4      | Killed an ice beast
  3241 | D:4      | Reached skill level 7 in Long Blades
  3436 | D:4      | Reached XP level 7. HP: 47/52 MP: 7/7
  3918 | D:5      | Entered Level 5 of the Dungeon
  4028 | D:5      | Reached skill level 8 in Long Blades
  4037 | D:5      | Slain by an orc

Illustrated notes

Levels and vault maps discovered:
D:1:      spicycebolla_green_bress_n_ham, layout_basic
D:2:      layout_loops_cross, nicolae_ecumenical_pavilion, grunt_ministairs_2,
          corexii_hall_statues_s, uniq_natasha, uniq_jessica
D:3:      wad_woods_stonehenge, layout_rooms, bloody_makhleb
D:4:      layout_loops_corners, portal_sewer_entry_a
D:5:      layout_rooms, elyvilon_altar_5, gammafunk_ghost_grave

Skill      XL: |  1  2  3  4  5  6  7 |
---------------+----------------------+-----
Long Blades    | 3 4 5 6 7 8 |  8.1
Fighting       | |  3.0
Dodging        | |  2.7

Action                     |  1- 3 |  4- 6 |  7- 9 || total
---------------------------+-------+-------+-------++-------
  Melee: Falchion          |    94 |   161 |    39 ||   294
         Kick              |    22 |    51 |    15 ||    88
    Use: Potion            |     1 |       |       ||     1
         Scroll            |       |    16 |       ||    16
 Armour: Robe              |    54 |    83 |    26 ||   163
  Dodge: Dodged            |    64 |    48 |    22 ||   134

Table legend: (Time is in decaauts)
 A = Elapsed time spent in this place.
 B = Non-inter-level travel time spent in this place.
 C = Inter-level travel time spent in this place.
 D = Time resting spent in this place.
 E = Time spent auto-exploring this place.
 F = Levels seen in this place.
 G = Mean time per level.
                   A        B        C        D        E       F      G
               +--------+--------+--------+--------+--------+-----+--------+
         Total |   4116 |   4004 |    112 |    204 |   3063 |   6 |  686.0 |
       Dungeon |   3521 |   3409 |    112 |    204 |   2622 |   5 |  704.2 |
         Sewer |    594 |    594 |      0 |      0 |    440 |   1 |  594.0 |
               +--------+--------+--------+--------+--------+-----+--------+

Top non-repeatable levels by time:
     D:1: 1042 daAuts
     D:4: 977 daAuts
     D:2: 839 daAuts
   Sewer: 594 daAuts
     D:3: 545 daAuts
     D:5: 115 daAuts
